MLB
HOUSTON ASTROS @ SAN DIEGO PADRES
07/02/2098
 
TOP OF THE 1ST
Houston Astros batting - Pitching for San Diego Padres : RHP Ben Memon
Pitching: RHP Ben Memon
Batting: RHB Erik Ellsworth 0-0: Called Strike
0-1: Ball
1-1: Foul Ball, location: 2F
1-2: SINGLE (Groundball, 4MD, EV 102.5 MPH)
Batting: LHB Ricky Gomez 0-0: Ball
1-0: Fielders Choice at 2nd, 5-4 (Groundball, 56, EV 80.0 MPH)
Batting: LHB Alex Perez 0-0: Called Strike
0-1: Ball
1-1: Foul Ball, location: 2F
1-2: Ball
2-2: Foul Ball, location: 2F
2-2: Ball
3-2: Base on Balls
Ricky Gomez to second
Batting: RHB Jeff Cinnamon 0-0: Ball
1-0: Called Strike
1-1: Swinging Strike
1-2: Strikes out swinging
Batting: RHB Kyle Stewart 0-0: Ball
1-0: Ball
2-0: Swinging Strike
2-1: Foul Ball, location: 2F
2-2: Foul Ball, location: 3F
2-2: Strikes out swinging
Top of the 1st over - 0 runs, 1 hit, 0 errors, 2 left on base; Houston 0 - San Diego 0
BOTTOM OF THE 1ST
San Diego Padres batting - Pitching for Houston Astros : RHP Mark Gaither
Pitching: RHP Mark Gaither
Batting: LHB Eric Schoonover 0-0: Ball
1-0: Foul Ball, location: 2F
1-1: Called Strike
1-2: Ball
2-2: Foul Ball, location: 23FF
2-2: Ball
3-2: Foul Ball, location: 7LMF
3-2: Foul Ball, location: 5DF
3-2: Strikes out swinging
Batting: RHB Jose Barillas 0-0: Called Strike
0-1: Ball
1-1: Swinging Strike
1-2: Foul Ball, location: 5SF
1-2: Ball
2-2: Strikes out swinging
Batting: RHB Chris Santos 0-0: Ball
1-0: Foul Ball, location: 2F
1-1: Swinging Strike
1-2: Fly out, F9 (Flyball, 9, EV 83.1 MPH)
Bottom of the 1st over - 0 runs, 0 hits, 0 errors, 0 left on base; Houston 0 - San Diego 0
TOP OF THE 2ND
Houston Astros batting - Pitching for San Diego Padres : RHP Ben Memon
Batting: RHB Frank Kelsay 0-0: Ball
1-0: Called Strike
1-1: Called Strike
1-2: Ball
2-2: Foul Ball, location: 9LMF
2-2: Fly out, F8 (Flyball, 8LM, EV 85.6 MPH)
Batting: LHB Aaron Bruckerhoff 0-0: Called Strike
0-1: Ball
1-1: Called Strike
1-2: Foul Ball, location: 5SF
1-2: Strikes out swinging
Batting: LHB Roy Lazzaro 0-0: Called Strike
0-1: Ball
1-1: Ball
2-1: Swinging Strike
2-2: Ball
3-2: Fly out, F9 (Flyball, 89M, EV 87.5 MPH)
Top of the 2nd over - 0 runs, 0 hits, 0 errors, 0 left on base; Houston 0 - San Diego 0
BOTTOM OF THE 2ND
San Diego Padres batting - Pitching for Houston Astros : RHP Mark Gaither
Batting: RHB Tony Woody 0-0: Ball
1-0: Ball
2-0: Called Strike
2-1: Fly out, F7 (Flyball, 7S, EV 89.4 MPH)
Batting: LHB Manuel Trevino 0-0: Swinging Strike
0-1: Called Strike
0-2: Ball
1-2: Strikes out swinging
Batting: RHB Anibal Araldes 0-0: Ball
1-0: Ball
2-0: Ball
3-0: Called Strike
3-1: Swinging Strike
3-2: Strikes out looking
Bottom of the 2nd over - 0 runs, 0 hits, 0 errors, 0 left on base; Houston 0 - San Diego 0
TOP OF THE 3RD
Houston Astros batting - Pitching for San Diego Padres : RHP Ben Memon
Batting: RHB Manchu Hu 0-0: Ball
1-0: Called Strike
1-1: Ball
2-1: Ball
3-1: Called Strike
3-2: Ground out 6-3 (Groundball, 56D, EV 108.1 MPH)
Pitching: RHP Jose Benitez
Batting: RHB Erik Ellsworth 0-0: Foul Ball, location: 25F
0-1: Foul Ball, location: 2F
0-2: Ball
1-2: Strikes out swinging
Batting: LHB Ricky Gomez 0-0: SINGLE (Groundball, 34S, EV 62.5 MPH) (infield hit)
Batting: LHB Alex Perez 0-0: Swinging Strike
0-1: Ball
1-1: Foul Ball, location: 3FF
1-2: Ball
2-2: Ball
3-2: Strikes out looking
Top of the 3rd over - 0 runs, 1 hit, 0 errors, 1 left on base; Houston 0 - San Diego 0
BOTTOM OF THE 3RD
San Diego Padres batting - Pitching for Houston Astros : RHP Mark Gaither
Batting: LHB Jamie Wortman 0-0: Called Strike
0-1: Foul Ball, location: 5FF
0-2: Strikes out looking
Batting: LHB R.J. Correll 0-0: Ball
1-0: Foul Ball, location: 9LSF
1-1: Foul Ball, location: 3DF
1-2: Fly out, F9 (Flyball, 89S, EV 88.8 MPH)
Batting: RHB Alfredo Beltran 0-0: Ground out 6-3 (Groundball, 56, EV 105.0 MPH)
Bottom of the 3rd over - 0 runs, 0 hits, 0 errors, 0 left on base; Houston 0 - San Diego 0
TOP OF THE 4TH
Houston Astros batting - Pitching for San Diego Padres : RHP Jose Benitez
Batting: RHB Jeff Cinnamon 0-0: Called Strike
0-1: Ball
1-1: Swinging Strike
1-2: Foul Ball, location: 25FF
1-2: Ground out 4-3 (Groundball, 4M, EV 98.8 MPH)
Batting: RHB Kyle Stewart 0-0: Called Strike
0-1: Ball
1-1: Foul Ball, location: 3F
1-2: Reached on error, E5 (Groundball, 5, EV 81.9 MPH)
Batting: RHB Frank Kelsay 0-0: Ball
1-0: Ball
Balk!
Kyle Stewart to second
2-0: Called Strike
2-1: Swinging Strike
2-2: Foul Ball, location: 5F
2-2: Strikes out swinging
Batting: LHB Aaron Bruckerhoff 0-0: Swinging Strike
0-1: Foul Ball, location: 2F
0-2: Foul Ball, location: 3DF
0-2: Ball
1-2: Strikes out swinging
Top of the 4th over - 0 runs, 0 hits, 1 error, 1 left on base; Houston 0 - San Diego 0
BOTTOM OF THE 4TH
San Diego Padres batting - Pitching for Houston Astros : RHP Mark Gaither
Batting: LHB Eric Schoonover 0-0: Called Strike
0-1: Ground out 5-3 (Groundball, 56, EV 81.3 MPH)
Batting: RHB Jose Barillas 0-0: Ball
1-0: Called Strike
1-1: Ball
2-1: Ball
3-1: Base on Balls
Batting: RHB Chris Santos 0-0: Ball
1-0: Ball
2-0: SINGLE (Flyball, 5D, EV 97.5 MPH)
Jose Barillas to second
Runner from 2nd tries for 3rd, SAFE, no throw by LF
Batting: RHB Tony Woody 0-0: Ball
1-0: Foul Ball, location: 25F
1-1: Called Strike
1-2: Ball
2-2: Ball
3-2: Strikes out swinging
Batting: LHB Manuel Trevino 0-0: Swinging Strike
0-1: Ball
1-1: Foul Ball, location: 9LMF
1-2: 3-RUN HOME RUN (Flyball, 9D, EV 101.9 MPH), Distance : 403 ft
Batting: RHB Anibal Araldes 0-0: Ball
1-0: Ground out 5-3 (Groundball, 5S, EV 62.5 MPH)
Bottom of the 4th over - 3 runs, 2 hits, 0 errors, 0 left on base; Houston 0 - San Diego 3
TOP OF THE 5TH
Houston Astros batting - Pitching for San Diego Padres : RHP Jose Benitez
Batting: LHB Roy Lazzaro 0-0: Ball
1-0: Called Strike
1-1: Ball
2-1: Foul Ball, location: 7LSF
2-2: Ground out 4-3 (Groundball, 4M, EV 83.8 MPH)
Batting: RHB Manchu Hu 0-0: Ball
1-0: Ball
2-0: Ball
3-0: Base on Balls
Pitching: LHP Bryant Miller
Batting: RHB Erik Ellsworth 0-0: Ball
1-0: Called Strike
1-1: SINGLE (Flyball, 6D, EV 91.9 MPH)
Manchu Hu to second
Batting: LHB Ricky Gomez 0-0: SINGLE (Line Drive, 89S, EV 103.8 MPH)
Manchu Hu to third
Erik Ellsworth to second
Batting: RHB Sterling Lentz 0-0: Swinging Strike
0-1: Ball
1-1: SINGLE (Groundball, 34D, EV 105.0 MPH)
Manchu Hu scores
Erik Ellsworth to third
Ricky Gomez to second
Runner from 3rd tries for Home, SAFE, throw by RF to home
Batting: RHB Jeff Cinnamon 0-0: Ball
1-0: Swinging Strike
1-1: Swinging Strike
1-2: Ball
2-2: Strikes out swinging
Batting: RHB Kyle Stewart 0-0: Ball
1-0: Called Strike
1-1: Foul Ball, location: 3SF
1-2: Ball
2-2: Ball
3-2: Foul Ball, location: 2F
3-2: Ground out 6-3 (Groundball, 6S, EV 76.9 MPH)
Top of the 5th over - 2 runs, 3 hits, 0 errors, 2 left on base; Houston 2 - San Diego 3
BOTTOM OF THE 5TH
San Diego Padres batting - Pitching for Houston Astros : RHP Mark Gaither
Batting: LHB Jamie Wortman 0-0: Ball
1-0: Foul Ball, location: 7LMF
1-1: Called Strike
1-2: Foul Ball, location: 5FF
1-2: Ball
2-2: Ground out 6-3 (Groundball, 6, EV 85.6 MPH)
Batting: LHB R.J. Correll 0-0: Called Strike
0-1: Fly out, F7 (Flyball, 7S, EV 96.3 MPH)
Batting: RHB Alfredo Beltran 0-0: Called Strike
0-1: Foul Ball, location: 9LSF
0-2: Ball
1-2: Strikes out looking
Bottom of the 5th over - 0 runs, 0 hits, 0 errors, 0 left on base; Houston 2 - San Diego 3
TOP OF THE 6TH
Houston Astros batting - Pitching for San Diego Padres : LHP Bryant Miller
Batting: RHB Frank Kelsay 0-0: Ball
1-0: Ball
2-0: Foul Ball, location: 9LSF
2-1: Ground out 6-3 (Groundball, 6, EV 79.4 MPH)
Batting: LHB Aaron Bruckerhoff 0-0: Called Strike
0-1: Swinging Strike
0-2: Foul Ball, location: 2F
0-2: Ball
1-2: Ball
2-2: Ball
3-2: Strikes out swinging
Pitching: LHP Juan Robles
Batting: LHB Roy Lazzaro 0-0: Ball
1-0: DOUBLE (Line Drive, 89D, EV 110.0 MPH)
Batting: RHB Manchu Hu 0-0: SINGLE (Groundball, P, EV 80.6 MPH) (infield hit)
Roy Lazzaro to third
Batting: RHB Erik Ellsworth 0-0: Called Strike
0-1: Ball
1-1: Foul Ball, location: 2F
1-2: Foul Ball, location: 2F
1-2: Fly out, F8 (Flyball, 8LXD, EV 97.5 MPH)
Top of the 6th over - 0 runs, 2 hits, 0 errors, 2 left on base; Houston 2 - San Diego 3
BOTTOM OF THE 6TH
San Diego Padres batting - Pitching for Houston Astros : RHP Mark Gaither
Batting: LHB Eric Schoonover 0-0: Called Strike
0-1: Ball
1-1: Foul Ball, location: 5F
1-2: Strikes out swinging
Batting: RHB Jose Barillas 0-0: Fly out, F9 (Flyball, 9, EV 95.0 MPH)
Batting: RHB Chris Santos 0-0: Swinging Strike
0-1: Swinging Strike
0-2: Foul Ball, location: 23F
0-2: Ball
1-2: Ground out 1-3 (Groundball, 13S, EV 74.4 MPH)
Bottom of the 6th over - 0 runs, 0 hits, 0 errors, 0 left on base; Houston 2 - San Diego 3
TOP OF THE 7TH
Houston Astros batting - Pitching for San Diego Padres : LHP Juan Robles
Pitching: LHP Seth Oltmans
Batting: LHB Ricky Gomez 0-0: Ball
1-0: Called Strike
1-1: Ball
2-1: Ball
3-1: Foul Ball, location: 2F
3-2: Strikes out swinging
Batting: RHB Sterling Lentz 0-0: Called Strike
0-1: Ball
1-1: Swinging Strike
1-2: Ball
2-2: Strikes out swinging
Batting: RHB Jeff Cinnamon 0-0: Ground out 6-3 (Groundball, 6, EV 100.6 MPH)
Top of the 7th over - 0 runs, 0 hits, 0 errors, 0 left on base; Houston 2 - San Diego 3
BOTTOM OF THE 7TH
San Diego Padres batting - Pitching for Houston Astros : RHP Mark Gaither
Batting: RHB Tony Woody 0-0: Called Strike
0-1: Fly out, F7 (Flyball, 7LM, EV 97.5 MPH)
Batting: LHB Manuel Trevino 0-0: Foul Ball, location: 2F
0-1: Ball
1-1: Swinging Strike
1-2: Ball
2-2: Strikes out swinging
Batting: RHB Anibal Araldes 0-0: Ball
1-0: Ball
2-0: Fly out, F9 (Flyball, 8RM, EV 95.6 MPH)
Bottom of the 7th over - 0 runs, 0 hits, 0 errors, 0 left on base; Houston 2 - San Diego 3
TOP OF THE 8TH
Houston Astros batting - Pitching for San Diego Padres : LHP Seth Oltmans
Batting: RHB Kyle Stewart 0-0: Ball
1-0: Ball
2-0: Swinging Strike
2-1: Ball
3-1: Foul Ball, location: 3SF
3-2: Foul Ball, location: 2F
3-2: Base on Balls
Batting: RHB Frank Kelsay 0-0: Fly out, F7 (Flyball, 7S, EV 86.3 MPH)
Pinch Hitting: RHB Matt Carocci 0-0: Ball
1-0: Fly out, F8 (Flyball, 8RM, EV 88.8 MPH)
Batting: LHB Roy Lazzaro 0-0: Foul Ball, location: 2F
0-1: Ball
1-1: Swinging Strike
1-2: Strikes out swinging
Top of the 8th over - 0 runs, 0 hits, 0 errors, 1 left on base; Houston 2 - San Diego 3
BOTTOM OF THE 8TH
San Diego Padres batting - Pitching for Houston Astros : RHP Mark Gaither
Pitching: RHP Dylan Scott
Now at 2B: Josh Otis
Batting: LHB Jamie Wortman 0-0: Foul Ball, location: 7LMF
0-1: Ball
1-1: Called Strike
1-2: Ball
2-2: Fly out, F8 (Flyball, 78D, EV 85.6 MPH)
Batting: LHB R.J. Correll 0-0: Foul Ball, location: 7LMF
0-1: Ground out 6-3 (Groundball, 6, EV 90.0 MPH)
Batting: RHB Alfredo Beltran 0-0: Ball
1-0: Called Strike
1-1: TRIPLE (Flyball, 8LXD, EV 106.3 MPH)
Batting: LHB Eric Schoonover 0-0: Called Strike
0-1: Ball
1-1: Called Strike
1-2: SINGLE (Groundball, 6MD, EV 110.0 MPH)
Alfredo Beltran scores
Batting: RHB Jose Barillas 0-0: Swinging Strike
0-1: Swinging Strike
0-2: Ball
1-2: Strikes out swinging
Bottom of the 8th over - 1 run, 2 hits, 0 errors, 1 left on base; Houston 2 - San Diego 4
TOP OF THE 9TH
Houston Astros batting - Pitching for San Diego Padres : LHP Seth Oltmans
Batting: RHB Manchu Hu 0-0: Called Strike
0-1: Foul Ball, location: 2F
0-2: Strikes out swinging
Batting: RHB Erik Ellsworth 0-0: Ball
1-0: Foul Ball, location: 2F
1-1: Foul Ball, location: 2F
1-2: Fly out, F8 (Flyball, 8RS, EV 86.3 MPH)
Pitching: RHP Dan Ketterer
Batting: LHB Ricky Gomez 0-0: Ball
1-0: SINGLE (Groundball, 6MS, EV 64.4 MPH) (infield hit)
Batting: RHB Sterling Lentz 0-0: Ball
1-0: Ball
2-0: Ball
3-0: Called Strike
3-1: Called Strike
3-2: Fly out, F9 (Flyball, 9LS, EV 91.3 MPH)
Top of the 9th over - 0 runs, 1 hit, 0 errors, 1 left on base; Houston 2 - San Diego 4
Monday, April 8th , 2024 - OOTP Baseball 24.11 Build 85